 Dungeon Crawl Stone Soup version 0.18-a0-1481-g708b138 (webtiles) character file.

324675 mrath the Earth Mage (level 21, -5/131 HPs)
             Began as a Gargoyle Earth Elementalist on Feb 15, 2016.
             Was the Champion of Vehumet.
             Shot with a poisoned bolt by a yaktaur captain (18 damage)
             ... on level 1 of the Vaults on Mar 3, 2016.
             The game lasted 13:30:20 (74009 turns).

mrath the Earth Mage (Gargoyle Earth Elementalist) Turns: 74009, Time: 13:30:20

Health: -5/131     AC: 36    Str: 10    XL:     21   Next: 60%
Magic:  42/48      EV: 19    Int: 25    God:    Vehumet [******]
Gold:   3523       SH:  9    Dex: 10    Spells: 11 memorised, 11 levels left

rFire  + + +     SeeInvis .     f - +1 blowgun (evade)
rCold  + . .     Gourm    .     t - +2 ring mail {MR+}
rNeg   + . .     Faith    .     y - +2 buckler
rPois  ∞         Spirit   .     x - +2 hat {MR+}
rElec  +         Dismiss  .     V - +2 cloak of Complete Protection {rF++}
rCorr  +         Reflect  .     S - +2 pair of gloves
SustAt .         Harm     .     r - +0 pair of boots
MR     +++..                    J - amulet of magic regeneration
Stlth  +.........               m - ring of Duth {rCorr rElec rF+ rC+ Str-3}
                                H - ring of magical power

@: about to teleport, flying, extremely resistant to hostile enchantments, very
unstealthy
A: big wings, negative energy resistance 1, electricity resistance, unbreathing,
petrification resistance, rot immunity, AC +15
a: Stop Flying, Renounce Religion
}: 2/15 runes: decaying, serpentine


You were on level 1 of the Vaults.
You worshipped Vehumet.
Vehumet was exalted by your worship.
You were hungry.

You visited 8 branches of the dungeon, and saw 38 of its levels.
You also visited: Labyrinth.

You collected 5103 gold pieces.
You spent 1580 gold pieces at shops.

Inventory:

Hand Weapons
 f - a +1 blowgun of evasion (weapon)
 l - a +3 vampiric demon whip
 C - a +4 demon whip of draining
 Z - the +6 long sword "Grom" {slice, rPois Stlth+}
   (You found it on level 2 of the Elven Halls)

   It inflicts extra damage upon your enemies.
   It protects you from poison.
   It makes you more stealthy.
Missiles
 i - 55 tomahawks
 n - 67 poisoned needles (quivered)
Armour
 a - a cursed +0 leather armour
 p - a +0 shield
 r - a +0 pair of boots (worn)
 t - a +2 ring mail of magic resistance (worn)
 x - a +2 hat of magic resistance (worn)
 y - a +2 buckler (worn)
 A - an ice dragon hide
 S - a +2 pair of gloves (worn)
 V - the +2 cloak of Complete Protection (worn) {rF++}
   (You found it on level 3 of the Elven Halls)

   It greatly protects you from fire.
Rods
 u - a +6 lightning rod (13/13)
   (You found it in a labyrinth)
 W - a +1 iron rod (10/10)
   (You took it off a vault sentinel on level 1 of the Vaults)
Jewellery
 m - the ring of Duth (right hand) {rCorr rElec rF+ rC+ Str-3}
   (You took it off a deep elf demonologist on level 3 of the Elven Halls)

   [ring of resist corrosion]

   It affects your strength (-3).
   It protects you from fire.
   It protects you from cold.
   It insulates you from electricity.
 H - a ring of magical power (left hand)
 J - an amulet of magic regeneration (around neck)
 K - an uncursed ring of see invisible
Wands
 c - a wand of iceblast (11/15)
 o - a wand of digging (11/24)
 D - a wand of acid (3/15)
 F - a wand of hasting (4/9)
 N - a wand of teleportation (4/9)
 T - a wand of lightning (3/15)
 U - a wand of disintegration (6/24)
Scrolls
 b - 5 scrolls of fog
 d - 16 scrolls of remove curse
 h - a scroll of enchant weapon
 j - 3 scrolls of identify
 v - 5 scrolls of teleportation
 L - 8 scrolls of magic mapping
 O - a scroll of holy word {unknown}
 R - a scroll of fear
 Y - 7 scrolls of blinking
Potions
 e - 3 potions of invisibility
 k - 17 potions of curing
 w - 4 potions of heal wounds
 z - a potion of cure mutation
 B - 2 potions of haste
 G - a potion of brilliance
 I - 2 potions of agility
 P - 2 potions of magic
Miscellaneous
 s - a sack of spiders
 Q - a fan of gales
Comestibles
 g - 6 bread rations
 q - 5 meat rations
 E - 11 chunks of flesh
 M - 3 slices of pizza


   Skills:
 + Level 13.7 Fighting
 + Level 13.9 Armour
 + Level 10.8 Dodging
 - Level 2.1 Stealth
 + Level 13.4 Shields
 + Level 14.0 Spellcasting
 + Level 14.2 Conjurations
   Level 0.7 Transmutations
 + Level 12.1 Fire Magic
 + Level 15.7 Earth Magic
   Level 1.0 Poison Magic
 + Level 11.9 Evocations


You had 11 spell levels left.
You knew the following spells:

 Your Spells              Type           Power        Failure   Level  Hunger
a - Sandblast             Erth           ######       0%          1    None
b - Stone Arrow           Conj/Erth      ######       1%          3    None
c - Lee's Rapid Deconstr  Erth           #######...   1%          5    ##.....
d - Magic Dart            Conj           ####         1%          1    None
e - Dazzling Spray        Conj/Hex       ######..     1%          3    None
f - Flame Tongue          Conj/Fire      #####        1%          1    None
g - Iron Shot             Conj/Erth      #######...   1%          6    ####...
h - Bolt of Fire          Conj/Fire      ######....   1%          6    ####...
i - Fireball              Conj/Fire      ######....   1%          5    ##.....
j - Repel Missiles        Chrm/Air       ###...       12%         2    None
k - Iskenderun's Mystic   Conj           ######..     1%          4    None


Dungeon Overview and Level Annotations

Branches:
Dungeon (15/15)            Temple (1/1) D:4            Lair (8/8) D:9
  Swamp (4/4) Lair:6        Snake (4/4) Lair:4        Slime (0/6) Lair:7
    Orc (2/2) D:11            Elf (3/3) Orc:2        Vaults (1/5) D:14
 Depths (0/5) D:15

Altars:
Ashenzari
Cheibriados
Dithmenos
Elyvilon
Fedhas
Gozag
Kikubaaqudgha
Makhleb
Nemelex Xobeh
Okawaru
Pakellas
Qazlal
Ru
Sif Muna
Trog
Vehumet
Xom
Yredelemnul
Zin
The Shining One
Beogh
Jiyva

Shops:
D:5 ![*[   D:7 }   D:13 ?*[   D:14 ?   Orc:2 (!?=   Elf:2 *

Portals:
Trove: D:11 (give horn of Geryon)

Annotations:
D:7 2 runed doors
Lair:5 exclusion: oklob plant


Innate Abilities, Weirdness & Mutations

You are resistant to torment.
Your stone body is resilient (AC +15).
You are immune to poison.
Your large and strong wings let you fly indefinitely.
You resist negative energy.
You are resistant to electric shocks.
You can survive without breathing.
You are immune to petrification.
You are immune to rotting.


Message History

Vehumet accepts your kill.
You feel your power returning. The centaur warrior closely misses you.
The yaktaur captain shoots a poisoned bolt.
The poisoned bolt completely misses you.
The centaur warrior hits you but does no damage.
Casting: Stone Arrow
Confirm with . or Enter, or press ? or * to list all spells.
Aiming: Iron Shot
Press: ? - help, Shift-Dir - straight line, f - deep elf knight
Aim: a deep elf knight, wielding a longbow (fast, unusually strong)
The iron shot misses the centaur warrior.
The iron shot misses the deep elf knight.
The iron shot hits the ironbrand convoker.
The ironbrand convoker is severely wounded.
You block the centaur warrior's attack.
The deep elf knight shoots an arrow.
The arrow hits you!
* * * LOW HITPOINT WARNING * * *
The yaktaur captain shoots a poisoned bolt.
The poisoned bolt hits you!!
You die...

#.......# #.......# ########
#.##.##.# #....(.# #.#...#.#
#......# #..#.#..#
#......#########..###..#
#......#......##.......#
#...[..#..[...######'#####
#.....(#[.c...(.@).......########
#(.(∩)[[).....#).cep.....#......#
#..()..#......#.(o.(.....#......#
#......#...>..#.....(pe..#......#
#......########..(.).....+..[...#
######## #......))h)[......#
#..........(......#
############[[....# #[.....#


You could see a yaktaur captain, an orc knight, a deep elf annihilator, a
centaur warrior, a deep elf knight, 2 ironbrand convokers and a warg.

Vanquished Creatures
  Norris (D:14)
  Asterion (D:14)
  A tentacled monstrosity (Swamp:3)
  Rupert (Vaults:1)
  3 deep elf blademasters
  2 deep elf master archers (Elf:3)
  Gastronok (Lair:1)
  Kirke (Lair:7)
  2 thorn hunters (Swamp:4)
  A storm dragon (shapeshifter) (Vaults:1)
  The ghost of zkyp the Severer, an adept HuFi of Makhleb (Elf:1)
  5 greater nagas (Snake:4)
  2 vault wardens (Vaults:1)
  Maud (D:14)
  4 deep elf sorcerers
  An ironheart preserver (Vaults:1)
  Nessos (Lair:7)
  2 deep elf demonologists (Elf:3)
  6 deep elf annihilators (Elf:3)
  2 ettins (Vaults:1)
  5 fire dragons
  7 deep elf death magi
  A great orb of eyes (Vaults:1)
  9 vault guards
  A minotaur (Lab)
  Erolcha (Vaults:1)
  2 yaktaur captains (Vaults:1)
  4 deep elf high priests (Elf:3)
  Harold (Lair:4)
  26 hydras
  An ice dragon (Vaults:1)
  2 catoblepae (Lair:6)
  11 naga warriors
  11 anacondas
  Erica (Orc:1)
  3 centaur warriors
  2 ghost crabs
  3 ogre magi
  28 dancing weapons
  9 alligators
  6 death yaks
  9 shock serpents
  12 naga sharpshooters
  A spriggan berserker (Swamp:4)
  Sonja (D:10)
  28 deep elf knights
  5 hell knights
  2 salamander mystics (Snake:4)
  6 wizards
  2 deep trolls (Orc:2)
  An unseen horror (shapeshifter) (Vaults:1)
  3 spriggan druids
  2 necromancers
  11 hill giants
  12 swamp dragons
  17 deep elf archers
  3 ironbrand convokers (Vaults:1)
  8 naga ritualists
  3 unseen horrors
  6 harpies (Vaults:1)
  5 orc knights
  3 shambling mangroves
  2 lindwurms (Lair:8)
  3 mana vipers (Snake:2)
  3 orc sorcerers
  9 salamanders
  60 deep elf magi
  11 cyclopes
  A hornet (Swamp:2)
  11 ugly things
  5 griffons
  30 elephants
  2 guardian serpents
  20 naga magi
  43 black mambas
  2 centaur zombies (D:14)
  4 vault sentinels (Vaults:1)
  Psyche (D:10)
  6 torpor snails (Lair:8)
  30 spiny frogs
  3 gargoyles
  10 komodo dragons
  A freezing wraith (D:14)
  4 centaur skeletons
  3 kobold demonologists
  2 efreet (D:15)
  7 rime drakes
  2 yaktaurs (Vaults:1)
  2 tengu conjurers (D:14)
  A queen bee (D:11)
  16 trolls
  12 two-headed ogres
  A polar bear (Lair:6)
  13 giant leeches
  12 slime creatures
  A boulder beetle (Vaults:1)
  A hornet zombie (D:15)
  14 bog bodies
  33 blink frogs
  2 shadows
  A spriggan (Lair:6)
  4 wraiths
  6 water elementals
  5 vampires
  8 redbacks (Snake:3)
  3 wyverns
  5 air elementals
  52 yaks
  2 hogs
  16 humans
  8 basilisks
  5 fire elementals
  4 steam dragons
  A hungry ghost (D:8)
  3 mottled dragons
  26 vampire mosquitoes
  22 wolves
  5 insubstantial wisps
  20 swamp worms
  15 hippogriffs
  64 nagas
  5 wargs
  19 water moccasins
  2 soldier ants
  15 porcupines
  20 orc warriors
  22 swamp drakes
  A phantom (D:14)
  4 sky beasts
  8 ice beasts
  8 wasps
  2 eyes of draining
  4 necrophages
  14 centaurs
  33 ogres
  12 crocodiles
  2 elf zombies (D:12)
  10 big kobolds
  21 giant frogs
  2 elf skeletons (D:12)
  3 earth elementals
  2 water moccasin zombies
  7 scorpions
  A troll zombie (D:12)
  24 killer bees
  An orc simulacrum (Vaults:1)
  13 wights
  4 electric eels
  6 crimson imps
  5 howler monkeys
  A giant frog zombie (D:11)
  10 orc priests
  5 hounds
  3 human zombies (D:12)
  3 jellies
  19 orc wizards
  Ijyb (Vaults:1)
  3 giant frog skeletons
  Terence (Vaults:1)
  12 iguanas
  Natasha (thrice) (D:2)
  A human skeleton (D:12)
  6 worker ants
  25 sheep
  A hound zombie (D:11)
  2 hound skeletons
  2 mummies (D:12)
  3 gnolls (D:6)
  41 river rats
  20 adders
  5 shadow imps
  A white imp (Vaults:1)
  2 oozes
  An adder zombie (D:8)
  An adder skeleton (D:8)
  19 worms (Lair:8)
  7 giant geckos
  85 orcs
  2 ball pythons
  8 giant cockroaches
  8 goblins
  6 hobgoblins
  6 jackals
  31 kobolds
  7 quokkas
  5 bats
  2 giant gecko skeletons
  4 giant newts
  A quokka skeleton (D:4)
  3 rats
  2 crawling corpses (Elf:3)
  A fungus (Lair:5)
1610 creatures vanquished.

Vanquished Creatures (others)
  A deep elf elementalist (Elf:2)
  A spriggan berserker (Swamp:4)
  A water elemental (Elf:2)
  2 humans (Lair:7)
  An orc (Orc:2)
  A quokka (D:5)
  83 fungi
  82 plants
172 creatures vanquished.

Grand Total: 1782 creatures vanquished

Notes
Turn   | Place    | Note
--------------------------------------------------------------
     0 | D:1      | mrath the Gargoyle Earth Elementalist began the quest for the Orb.
     0 | D:1      | Reached XP level 1. HP: 10/10 MP: 3/3
   352 | D:1      | Reached XP level 2. HP: 15/15 MP: 1/5
   408 | D:1      | Reached skill level 4 in Earth Magic
   952 | D:2      | Found a shimmering altar of Xom.
   952 | D:2      | Found a sacrificial altar of Ru.
  1107 | D:2      | Reached XP level 3. HP: 19/19 MP: 4/7
  1333 | D:2      | Noticed Natasha
  1339 | D:2      | Killed Natasha
  1339 | D:2      | Reached XP level 4. HP: 24/24 MP: 4/8
  1343 | D:2      | Noticed Natasha
  1378 | D:2      | Killed Natasha
  1389 | D:2      | Noticed Natasha
  1685 | D:2      | Learned a level 3 spell: Stone Arrow
  1976 | D:2      | Reached XP level 5. HP: 26/28 MP: 2/10
  2152 | D:2      | Killed Natasha
  2152 | D:2      | Reached skill level 5 in Earth Magic
  2322 | D:2      | Reached skill level 1 in Conjurations
  2565 | D:3      | Upgraded the game from 0.18-a0-1323-g706dcef to 0.18-a0-1390-gc02854d
  2921 | D:3      | Reached XP level 6. HP: 32/32 MP: 9/12
  4559 | D:4      | Reached skill level 5 in Spellcasting
  4560 | D:4      | Reached XP level 7. HP: 36/36 MP: 10/14
  4953 | D:4      | Got a slimy chain mail
  5073 | D:4      | Found a staircase to the Ecumenical Temple.
  5082 | Temple   | Entered the Ecumenical Temple
  5239 | D:5      | Entered Level 5 of the Dungeon
  5251 | D:5      | Found Jeuhasi's Antique Armour Boutique.
  5269 | D:5      | Found Vooxayl's Food Shop.
  5405 | D:5      | Found a white marble altar of Elyvilon.
  5419 | D:5      | Reached skill level 6 in Earth Magic
  5526 | D:5      | Found Huuqah's Distillery.
  5691 | D:5      | Found Melof's Assorted Antiques.
  5816 | D:5      | Found Maihyuff's Armour Shop.
  5941 | D:5      | Found an opulent altar of Gozag.
  6092 | D:5      | Found a stormy altar of Qazlal.
  6203 | D:5      | Learned a level 5 spell: Lee's Rapid Deconstruction
  6410 | D:6      | Found a blossoming altar of Fedhas.
  6561 | D:6      | Reached skill level 1 in Armour
  6561 | D:6      | Reached XP level 8. HP: 42/42 MP: 13/17
  6664 | D:6      | Reached skill level 1 in Evocations
  7083 | D:6      | Reached skill level 1 in Fighting
  7529 | D:7      | Found Amiudwam's Gadget Emporium.
  7664 | D:7      | Found a sparkling altar of Nemelex Xobeh.
  7923 | D:7      | Found a large runed door.
  7924 | D:7      | Found a large runed door.
  7971 | D:7      | Noticed a vampire
  8062 | D:7      | Found a large runed door.
  8062 | D:7      | Found a large runed door.
  8196 | D:7      | Killed a vampire
  8196 | D:7      | Reached skill level 7 in Earth Magic
  8714 | D:7      | Reached XP level 9. HP: 49/49 MP: 15/19
  8794 | D:7      | Noticed a hill giant
  8835 | D:7      | Killed a hill giant
  8835 | D:7      | Reached skill level 1 in Shields
  8835 | D:7      | Reached skill level 5 in Conjurations
  9196 | D:8      | Learned a level 1 spell: Magic Dart
  9200 | D:8      | Learned a level 3 spell: Dazzling Spray
 10095 | D:8      | Found a radiant altar of Vehumet.
 10095 | D:8      | Found a bloodstained altar of Trog.
 10105 | D:8      | Became a worshipper of Vehumet
 10334 | D:8      | Found a blossoming altar of Fedhas.
 10694 | D:9      | Reached XP level 10. HP: 56/56 MP: 1/21
 10864 | D:9      | Found a staircase to the Lair.
 11469 | D:9      | Reached * piety under Vehumet
 11469 | D:9      | Offered knowledge of Shock by Vehumet.
 12743 | D:7      | Reached skill level 8 in Earth Magic
 12818 | Lair:1   | Entered Level 1 of the Lair of Beasts
 12834 | Lair:1   | Noticed a spiny frog
 12847 | Lair:1   | Killed a spiny frog
 12969 | Lair:1   | Noticed Gastronok
 13027 | Lair:1   | Killed Gastronok
 13027 | Lair:1   | Reached skill level 5 in Fighting
 13027 | Lair:1   | Reached XP level 11. HP: 61/63 MP: 6/23
 13200 | Lair:1   | Reached skill level 5 in Armour
 13411 | Lair:1   | Offered knowledge of Throw Frost by Vehumet.
 14237 | Lair:2   | Reached ** piety under Vehumet
 14313 | Lair:2   | Found a labyrinth entrance.
 14326 | Lab      | Entered a labyrinth
 14497 | Lab      | Noticed a minotaur
 14504 | Lab      | Killed a minotaur
 14504 | Lab      | Reached skill level 5 in Shields
 14515 | Lab      | Identified the Grimoire of Flight
 14791 | Lair:2   | Learned a level 1 spell: Flame Tongue
 15383 | Lair:2   | Reached skill level 1 in Fire Magic
 15383 | Lair:2   | Reached skill level 9 in Earth Magic
 15686 | Lair:2   | Reached skill level 5 in Evocations
 16102 | Lair:2   | Offered knowledge of Conjure Flame by Vehumet.
 16291 | Lair:2   | Reached XP level 12. HP: 65/70 MP: 12/25
 16521 | Lair:2   | Learned a level 3 spell: Conjure Flame
 16542 | Lair:2   | Reached skill level 5 in Dodging
 17350 | D:5      | Reached *** piety under Vehumet
 17733 | Lair:2   | Identified the +3 chain mail "Quguddob" {Str+8} (You found it on level 4 of the Dungeon)
 17754 | Lair:2   | Learned a level 6 spell: Bolt of Fire
 18469 | Lair:2   | Upgraded the game from 0.18-a0-1390-gc02854d to 0.18-a0-1405-g73f4075
 18635 | Lair:2   | Offered knowledge of Inner Flame by Vehumet.
 19811 | Lair:3   | Reached skill level 10 in Spellcasting
 19820 | Lair:3   | Reached XP level 13. HP: 68/76 MP: 9/27
 20498 | Lair:4   | Noticed Harold
 20520 | Lair:4   | Killed Harold
 20520 | Lair:4   | Reached **** piety under Vehumet
 20520 | Lair:4   | Reached skill level 10 in Earth Magic
 20644 | Lair:4   | Found a staircase to the Snake Pit.
 21649 | Lair:5   | Offered knowledge of Irradiate by Vehumet.
 22181 | Lair:5   | Found a stormy altar of Qazlal.
 22972 | Lair:5   | Learned a level 5 spell: Fireball
 23259 | Lair:4   | Reached skill level 5 in Fire Magic
 24363 | Lair:6   | Reached ***** piety under Vehumet
 24363 | Lair:6   | Offered knowledge of Iron Shot by Vehumet.
 24409 | Lair:6   | Gained mutation: Your large and strong wings let you fly indefinitely. [Gargoyle growth]
 24409 | Lair:6   | Reached XP level 14. HP: 84/84 MP: 21/28
 24786 | Lair:6   | Got a thick robe
 24915 | Lair:2   | Learned a level 6 spell: Iron Shot
 24950 | Lair:2   | Identified the +1 robe of the King {Int+7} (You found it on level 6 of the Lair of Beasts)
 25163 | Lair:6   | Found a staircase to the Swamp.
 25948 | Lair:6   | Reached skill level 11 in Earth Magic
 26566 | Lair:7   | Noticed Nessos
 26575 | Lair:7   | Noticed Kirke
 26836 | Lair:7   | Killed Kirke
 27088 | Lair:7   | Found a staircase to the Slime Pits.
 27088 | Lair:7   | Found a viscous altar of Jiyva.
 27278 | Lair:7   | Killed Nessos
 27602 | Lair:8   | Entered Level 8 of the Lair of Beasts
 27914 | Lair:8   | Reached skill level 10 in Conjurations
 28345 | Lair:8   | Got a distressingly furry robe
 28618 | Lair:8   | Found a runed door.
 29497 | Lair:8   | Reached XP level 15. HP: 88/90 MP: 2/29
 30499 | Lair:2   | Identified the +2 robe of the Special Mice {rF- Int+9 Slay+6} (You found it on level 8 of the Lair of Beasts)
 31251 | D:10     | Entered Level 10 of the Dungeon
 31366 | D:10     | Noticed Sonja
 31370 | D:10     | Killed Sonja
 31745 | D:10     | Noticed Psyche
 31749 | D:10     | Killed Psyche
 32494 | D:11     | Reached ****** piety under Vehumet
 32588 | D:11     | Found a staircase to the Orcish Mines.
 32628 | D:11     | Offered knowledge of Conjure Ball Lightning by Vehumet.
 33437 | D:11     | Found a portal to a secret trove of treasure.
 34321 | Orc:1    | Entered Level 1 of the Orcish Mines
 34463 | Orc:2    | Entered Level 2 of the Orcish Mines
 34779 | Orc:2    | Found Paty's Magic Scroll Emporium.
 35075 | Orc:1    | Noticed Erica
 35090 | Orc:1    | Killed Erica
 35090 | Orc:1    | Offered knowledge of Delayed Fireball by Vehumet.
 35635 | Orc:2    | Found a staircase to the Elven Halls.
 35862 | Orc:2    | Found a roughly hewn altar of Beogh.
 35911 | Orc:2    | Found Jurchopua's Weapon Shoppe.
 35918 | Orc:2    | Found Tacsel's Distillery.
 36318 | Orc:2    | Found Nukegaq's Jewellery Emporium.
 36321 | Orc:2    | Reached skill level 10 in Armour
 36394 | Orc:2    | Reached skill level 12 in Earth Magic
 36582 | Orc:2    | Bought the ring "Qirrod" {EV+1 Str+6 Int+4} for 434 gold pieces
 36588 | Orc:2    | Bought a potion of heal wounds for 75 gold pieces
 36588 | Orc:2    | Bought a potion of heal wounds for 75 gold pieces
 36588 | Orc:2    | Bought a potion of heal wounds for 75 gold pieces
 36594 | Orc:2    | Bought a scroll of noise for 15 gold pieces
 36594 | Orc:2    | Bought a scroll of identify for 30 gold pieces
 36594 | Orc:2    | Bought a scroll of identify for 30 gold pieces
 36594 | Orc:2    | Bought a scroll of identify for 30 gold pieces
 36870 | D:5      | Bought a distressingly furry helmet for 256 gold pieces
 36922 | D:5      | Bought a scroll of identify for 48 gold pieces
 36932 | D:5      | Identified the +1 helmet of Cheibriados's Anger {Stlth+} (You bought it in a shop on level 5 of the Dungeon)
 37507 | D:12     | Found an ancient bone altar of Kikubaaqudgha.
 38171 | D:12     | Offered knowledge of Venom Bolt by Vehumet.
 38589 | D:13     | Reached skill level 10 in Fighting
 38790 | D:13     | Found Guisan's Antique Armour Shop.
 38964 | D:13     | Found Neygofoj's General Store.
 38980 | D:13     | Reached XP level 16. HP: 97/97 MP: 24/31
 39394 | D:13     | Found Eloilisi's Magic Scroll Emporium.
 39406 | D:13     | Bought a scroll of identify for 28 gold pieces
 39406 | D:13     | Bought a scroll of identify for 28 gold pieces
 39959 | Lair:2   | Upgraded the game from 0.18-a0-1405-g73f4075 to 0.18-a0-1413-g4eaa9ac
 40926 | D:14     | Noticed Maud
 40934 | D:14     | Killed Maud
 41418 | D:14     | Found Nab Xura's Magic Scroll Boutique.
 41790 | D:14     | Reached skill level 10 in Shields
 41911 | D:14     | Offered knowledge of Spellforged Servitor by Vehumet.
 42054 | D:14     | Found a gate to the Vaults.
 42186 | D:15     | Entered Level 15 of the Dungeon
 42224 | D:15     | Found a radiant altar of Vehumet.
 44054 | D:15     | Found a staircase to the Depths.
 44616 | Swamp:1  | Entered Level 1 of the Swamp
 46185 | Swamp:1  | Upgraded the game from 0.18-a0-1413-g4eaa9ac to 0.18-a0-1418-ga86aa8f
 46197 | Swamp:2  | Reached XP level 17. HP: 103/103 MP: 16/32
 47751 | Swamp:3  | Reached skill level 13 in Earth Magic
 47984 | Swamp:3  | Offered knowledge of Poison Arrow by Vehumet.
 48144 | Swamp:3  | Found an ancient bone altar of Kikubaaqudgha.
 48202 | Swamp:3  | Noticed a tentacled monstrosity
 48222 | Swamp:3  | Killed a tentacled monstrosity
 48635 | Swamp:4  | Entered Level 4 of the Swamp
 49418 | Swamp:4  | Offered knowledge of Ozocubu's Refrigeration by Vehumet.
 50513 | Swamp:4  | Got a decaying rune of Zot
 50935 | Lair:2   | Learned a level 3 spell: Ignite Poison
 50940 | Lair:2   | Learned a level 4 spell: Iskenderun's Mystic Blast
 51003 | Snake:1  | Entered Level 1 of the Snake Pit
 51074 | Snake:1  | Reached XP level 18. HP: 90/110 MP: 22/34
 51169 | Lair:4   | Reached skill level 10 in Evocations
 52109 | Snake:1  | Reached skill level 1 in Poison Magic
 54276 | Snake:3  | Found a snail-covered altar of Cheibriados.
 55051 | Snake:3  | Reached skill level 10 in Fire Magic
 55088 | Snake:3  | Reached skill level 14 in Earth Magic
 55785 | Snake:4  | Entered Level 4 of the Snake Pit
 56238 | Snake:4  | Offered knowledge of Lehudib's Crystal Spear by Vehumet.
 56238 | Snake:4  | Offered knowledge of Fire Storm by Vehumet.
 56238 | Snake:4  | Offered knowledge of Chain Lightning by Vehumet.
 57062 | Snake:4  | Reached XP level 19. HP: 116/116 MP: 28/35
 58472 | Snake:4  | Got a serpentine rune of Zot
 59026 | Elf:1    | Entered Level 1 of the Elven Halls
 59652 | Elf:1    | Noticed zkyp's ghost (adept HuFi)
 59664 | Elf:1    | Killed zkyp's ghost
 61434 | Elf:2    | Got a transparent war axe
 61509 | Elf:2    | Identified the +1 war axe of the Owl {holy, rPois rF+ rC+ MP+9} (You found it on level 2 of the Elven Halls)
 61537 | Elf:2    | Found Mamunt's General Store.
 61908 | Elf:2    | Found a runed gate.
 61909 | Elf:2    | Got a brightly glowing long sword
 61977 | Elf:2    | Found a runed gate.
 61977 | Elf:2    | Found a runed gate.
 61981 | Elf:2    | Identified the +6 long sword "Grom" {slice, rPois Stlth+} (You found it on level 2 of the Elven Halls)
 62659 | Elf:2    | Reached XP level 20. HP: 124/124 MP: 24/37
 62778 | Elf:2    | Reached skill level 10 in Dodging
 63050 | Elf:3    | Entered Level 3 of the Elven Halls
 63098 | Elf:2    | Upgraded the game from 0.18-a0-1418-ga86aa8f to 0.18-a0-1481-g708b138
 65722 | Elf:3    | Reached skill level 15 in Earth Magic
 66376 | Elf:3    | Got a pitted steel ring
 67299 | Elf:3    | Got a clouded silver ring
 67442 | Elf:2    | Identified the ring "Luimoblu" {Wiz +Fly Int+4} (You took it off a deep elf mage on level 3 of the Elven Halls)
 67444 | Elf:2    | Identified the ring of Duth {rCorr rElec rF+ rC+ Str-3} (You took it off a deep elf demonologist on level 3 of the Elven Halls)
 67715 | Elf:3    | Got an ancient cloak
 67779 | Elf:3    | Identified the +2 cloak of Complete Protection {rF++} (You found it on level 3 of the Elven Halls)
 68366 | Elf:3    | Got a brightly glowing triple crossbow
 68372 | Elf:3    | Learned a level 2 spell: Repel Missiles
 69084 | Vaults:1 | Entered Level 1 of the Vaults
 69594 | Vaults:1 | Noticed Asterion
 70124 | D:14     | Killed Asterion
 70297 | Vaults:1 | Noticed Norris
 70405 | D:14     | Reached XP level 21. HP: 91/129 MP: 24/38
 70727 | D:14     | Killed Norris
 70860 | Vaults:1 | Noticed Erolcha
 70869 | Vaults:1 | Killed Erolcha
 71528 | D:5      | Bought a meat ration for 60 gold pieces
 71528 | D:5      | Bought a bread ration for 60 gold pieces
 71528 | D:5      | Bought a beef jerky for 18 gold pieces
 71528 | D:5      | Bought a meat ration for 60 gold pieces
 71528 | D:5      | Bought a beef jerky for 18 gold pieces
 71528 | D:5      | Bought a bread ration for 60 gold pieces
 71528 | D:5      | Bought a bread ration for 60 gold pieces
 71528 | D:5      | Bought a meat ration for 60 gold pieces
 71528 | D:5      | Bought a meat ration for 60 gold pieces
 71869 | Vaults:1 | Noticed Ijyb
 71872 | Vaults:1 | Killed Ijyb
 71880 | Vaults:1 | Noticed Terence
 71895 | Vaults:1 | Killed Terence
 72653 | Vaults:1 | Noticed Rupert
 72680 | Vaults:1 | Killed Rupert
 74009 | Vaults:1 | Shot with a poisoned bolt by a yaktaur captain

Vault maps used:
D:1:      minmay_arrival_five_plusses
D:2:      gammafunk_temple_overflow_statue, uniq_natasha
D:3:      kennysheep_six_static_rooms, first_bread
D:4:      minmay_temple_entry_poolview, serial_glass, glass_columns_a,
          glass_columns_c
D:5:      grunt_qazlal_sundering, grunt_gozag_breadcrumbs, serial_shops, shop,
          shop, shop, nicolae_shop_statue_plus,
          nicolae_shop_temple_entry_statues_fountains, elyvilon_altar_4
D:6:      fedhas_altar_fruit_tree
D:7:      old_standard_altar, serial_glass, glass_columns_b, glass_columns_c,
          serial_shops, nicolae_shop_statue_plus, minmay_hollow_rounded_squares
D:8:      kennysheep_mini, gammafunk_temple_overflow_pools,
          minmay_misc_feat_nine_boxes
D:9:      minmay_lair_entry_grove
D:10:     uniq_sonja, uniq_psyche
D:11:     minmay_orc_entry_guard_dogs, nicolae_trove_entry_columns,
          david_nohive_1, minmay_misc_feat_room
D:12:     lemuel_mausoleum_altar_kikubaaqudgha
D:13:     serial_shops, nicolae_shop_statue_plus, shop, shop
D:14:     grunt_vaults_entry_fortified, serial_shops, shop_statue,
          minmay_misc_feat_enclosed, uniq_maud
D:15:     grunt_enter_depths_magical_seal, lemuel_tele_altar
Temple:   zaba_magenta_temple_12
Lair:1:   serial_bayou_shore_a, grunt_megastairs_5, uniq_gastronok
Lair:2:   mu_elephants_graveyard, lab_entry_generic, st_stairs_12, minivault_23,
          minivault_26, infiniplex_staircase_pool
Lair:4:   dummy_snake_entry, grunt_megastairs_1, bh_autumn_forest_stairs,
          serial_bayou_shore_b, serial_bayou_shore_b, uniq_harold
Lair:5:   minmay_lair_oklob_items, basic_altar, serial_bayou_lagoon_b,
          serial_bayou_shore_b, grunt_megastairs_3
Lair:6:   minmay_swamp_entry_worms, grunt_forest_large_clearing_hut
Lair:7:   slime_altar_1, uniq_nessos, uniq_kirke
Lair:8:   wormcave, guppyfry_lair_end_dragon, nicolae_quartered_pool_little,
          serial_bayou_lagoon_a, kennysheep_basilisk_garden,
          lemuel_fruit_fields, serial_bayou_shore_b
Swamp:1:  hangedman_swamp_lotus
Swamp:2:  nicolae_swamp_stair_fork, swamp_pool5
Swamp:3:  basic_altar, infiniplex_staircase_pool_2
Swamp:4:  swamp_basic_johnstein, swamp_pool5
Snake:3:  basic_altar, spider_trap, grunt_megastairs_4
Snake:4:  minmay_snake_end_coiled
Orc:1:    nicolae_orc_bridge_out, uniq_erica
Orc:2:    st_orc_open, basic_altar
Elf:1:    minivault_28, minmay_misc_feat_cross
Elf:2:    serial_shops, nicolae_shop_temple_entry_statues_fountains,
          sword_in_stone
Elf:3:    grunt_elf_hall_diamonds
Vaults:1: metal_show, v_misc_2, nicolae_vaults_octagons,
          vaults_room_grunt_arrival_ludios, v_misc_9, ontoclasm_vaults_fault,
          serial_ice_h, nicolae_vaults_alarming, vaults_room_pools,
          grunt_vaults_diagonal, v_pattern_4, serial_ice_g, uniq_asterion
Lab:      nicolae_lab_x, nicolae_lab_dead_end, nicolae_lab_big_swirl, lab_hedge,
          nicolae_lab_flowing_pool, nicolae_lab_starburst,
          labyrinth_skeletal_remains

Skill      XL: |  1  2  3  4  5  6  7  8  9 10 11 12 13 14 15 16 17 18 19 20 21 |
---------------+----------------------------------------------------------------+-----
Earth Magic    | 4 5 6 7 8 9 10 11 12 13 14 15 | 15.7
Conjurations   | 1 2 3 4 5 6 7 8 9 10 11 12 13 14 | 14.2
Spellcasting   | 5 6 7 8 9 10 11 12 13 14 | 14.0
Armour         | 1 2 3 4 6 8 9 10 11 12 13 | 13.9
Evocations     | 2 3 4 5 6 7 8 9 10 11 | 11.9
Dodging        | 2 3 4 5 6 7 8 9 10 | 10.8
Fighting       | 2 3 5 6 7 8 9 10 11 12 13 | 13.7
Shields        | 2 4 5 6 7 8 9 10 11 12 13 | 13.4
Fire Magic     | 1 3 5 6 7 8 9 10 11 12 | 12.1
Poison Magic   | 1 |  1.0
Stealth        | |  2.1
Transmutations | |  0.7

Action                   |  1- 3 |  4- 6 |  7- 9 | 10-12 | 13-15 | 16-18 | 19-21 || total
-------------------------+-------+-------+-------+-------+-------+-------+-------++-------
Melee: Short sword       |     2 |       |       |       |       |       |     1 ||     3
       Long sword        |       |    14 |       |       |       |       |     1 ||    15
       Flail             |       |     6 |       |       |       |       |       ||     6
       Morningstar       |       |       |     3 |       |       |       |       ||     3
       War axe           |       |       |     4 |    11 |    50 |    11 |    10 ||    86
       Blowgun           |       |       |       |       |       |       |     1 ||     1
 Fire: Hunting sling     |       |     1 |     2 |       |       |    51 |     9 ||    63
       Blowgun           |       |       |    13 |    34 |   120 |     9 |    10 ||   186
       Shortbow          |       |       |     2 |       |       |       |       ||     2
Throw: Tomahawk          |       |     1 |     4 |       |       |       |     3 ||     8
       Javelin           |       |       |       |    11 |       |       |       ||    11
 Cast: Sandblast         |    37 |   120 |   189 |   411 |    43 |     3 |       ||   803
       Stone Arrow       |       |       |    21 |    93 |   910 |   789 |   569 ||  2382
       Magic Dart        |       |       |    13 |    34 |    18 |    38 |     3 ||   106
       Dazzling Spray    |       |       |       |     6 |       |     6 |     1 ||    13
       Flame Tongue      |       |       |       |    24 |    20 |    38 |     8 ||    90
       Lee's Rapid Decon |       |       |       |     1 |     4 |    32 |   123 ||   160
       Bolt of Fire      |       |       |       |       |    23 |    14 |    43 ||    80
       Iron Shot         |       |       |       |       |   115 |   360 |   362 ||   837
       Fireball          |       |       |       |       |    21 |     4 |    11 ||    36
       Ignite Poison     |       |       |       |       |       |     4 |     2 ||     6
       Iskenderun's Myst |       |       |       |       |       |     3 |     4 ||     7
       Repel Missiles    |       |       |       |       |       |       |     3 ||     3
 Abil: Fly               |       |       |       |       |     1 |     2 |       ||     3
Evoke: Wand              |       |       |       |     3 |     1 |       |    13 ||    17
  Use: Scroll            |       |       |     6 |    10 |    11 |    17 |    13 ||    57
       Potion            |       |       |     1 |     1 |       |       |     6 ||     8
 Stab: Sleeping          |       |       |     1 |     1 |     9 |       |       ||    11
       Distracted        |       |       |     1 |       |     4 |       |       ||     5
  Eat: Chunk             |     2 |     9 |    15 |    19 |    83 |    69 |    89 ||   286
       Pizza             |       |       |     1 |     3 |     1 |       |     1 ||     6
       Royal jelly       |       |       |     1 |       |     2 |     5 |     1 ||     9
       Fruit             |       |       |       |     5 |    11 |    14 |       ||    30
       Beef jerky        |       |       |       |       |     1 |     7 |     3 ||    11
       Bread ration      |       |       |       |       |       |     8 |     9 ||    17
       Meat ration       |       |       |       |       |       |     2 |       ||     2
